cohdb
Replays
Latest Replays
All Replays
Popular Replays
Top Player Replays
Match Explorer
How It Works
Community
CoH3 Stats
Reddit
Sign in to upload your games and track your stats! →
Sign in with Steam
Match 42158031
Unlisted
Match 42158031
Overview
Messages
Build Orders
End
Kradschützen Motorcycle Team
Panzergrenadier Squad
Selects Italian Infantry
Panzergrenadier Squad
Construct Light Support Kompanie
2.5-tonne Medical Truck
MG34 Team
Selects Guastatori Squad
Guastatori Squad
Fire Support Elements
Flakvierling Half-track
AI Takeover
重慶森林
Dave
BATTLEDANNY1
MERCENARYCORPS
0
0
Comments
sign in to comment!
No comments posted yet!